 Dungeon Crawl Stone Soup version 0.26.0-10-g1f06aea511 (webtiles) character file.

Game seed: 3390275980561979218

10005 Arum the Grappler (level 11, -15/102 HPs)
             Began as a Ghoul Gladiator on Jan 20, 2021.
             Was an Initiate of Gozag.
             Hit by a large rock thrown by a cyclops (32 damage)
             ... on level 11 of the Dungeon.
             The game lasted 00:14:56 (11769 turns).

Arum the Grappler (Ghoul Gladiator)                Turns: 11769, Time: 00:14:56

Health: -15/102    AC: 10    Str: 22    XL:     11   Next: 55%
Magic:  10/10      EV: 15    Int:  3    God:    Gozag
Gold:   121        SH:  5    Dex: 10    Spells: 10/10 levels left

rFire    . . .     SeeInvis .     - Unarmed
rCold    + . .     Faith    .   (no shield)
rNeg     + + +     Spirit   .   e - +0 ring mail
rPois    ∞         Reflect  +   K - +1 hat
rElec    .         Harm     .   D - +1 cloak
rCorr    .         Rampage  .   (no gloves)
Will     +....                  M - +1 pair of boots {Fly}
Stlth    ..........             J - amulet of reflection
HPRegen  0.00/turn              x - ring of willpower
MPRegen  0.12/turn              E - +4 ring of slaying

@: gold aura, flying
A: claws 1, cold resistance 1, negative energy resistance 3, inhibited
regeneration, torment resistance, unbreathing
a: Stop Flying, Renounce Religion, Potion Petition, Call Merchant, Bribe Branch


You were on level 11 of the Dungeon.
You worshipped Gozag.
Gozag was aware of your devotion.
You visited 2 branches of the dungeon, and saw 12 of its levels.
You also visited: Ossuary.

You collected 2463 gold pieces.
You spent 526 gold pieces at shops.
You paid 1816 gold pieces to Gozag.

Inventory:

Missiles
 c - 5 throwing nets (quivered)
Armour
 e - a +0 ring mail (worn)
 j - the +0 pair of gloves of Greater Demons {rC+}
   (You found it on level 4 of the Dungeon)

   It protects you from cold.
 D - a +1 cloak (worn)
 K - a +1 hat (worn)
 M - a +1 pair of boots of flying (worn)
Jewellery
 i - an uncursed ring of willpower
 p - an uncursed ring of protection from fire
 w - an uncursed ring of protection from cold
 x - a ring of willpower (left claw)
 E - a +4 ring of slaying (right claw)
 F - the ring "Jiexino" {*Corrode rElec rN+++ Str-3 SInv Stlth-}
   (You bought it in a shop on level 7 of the Dungeon)

   [ring of attention]

   It affects your strength (-3).
   It insulates you from electricity.
   It renders you almost immune to negative energy.
   It lets you see invisible.
   It may corrode you when you take damage.
   It makes you less stealthy.
 J - an amulet of reflection (around neck)
 L - an uncursed ring of stealth
Wands
 a - a wand of polymorph (9)
 b - a wand of disintegration (19)
 q - a wand of iceblast (6)
 A - a wand of flame (43)
 H - a wand of enslavement (5)
Scrolls
 d - 5 scrolls of identify
 h - 7 scrolls of remove curse
 k - 7 scrolls of teleportation
 o - 10 scrolls of random uselessness
 t - a scroll of holy word
 u - 2 scrolls of blinking
 y - 3 scrolls of enchant weapon
 z - a scroll of fog
 B - 4 scrolls of magic mapping
 G - 3 scrolls of fear
 I - 2 scrolls of enchant armour
Potions
 f - 2 potions of brilliance
 g - 10 potions of curing
 m - 6 potions of flight
 n - 3 potions of heal wounds
 r - 3 potions of attraction
 s - a potion of resistance
 v - a potion of ambrosia
 C - 3 potions of cancellation
 N - a potion of haste {unknown}
Miscellaneous
 l - a phial of floods


   Skills:
 + Level 11.3 Fighting
 - Level 1.7 Throwing
 + Level 9.9 Dodging
 + Level 11.6 Unarmed Combat


You had 10 spell levels left.
You didn't know any spells.
Your spell library contained the following spells:

 Spells                   Type           Power        Failure   Level
 Foxfire                  Conj/Fire      0%           69%         1
 Sting                    Tmut/Pois      0%           69%         1
 Poisonous Vapours        Pois/Air       0%           83%         2
 Conjure Flame            Conj/Fire      0%           96%         3
 Ignite Poison            Fire/Tmut/Pois 0%           96%         3
 Inner Flame              Hex/Fire       0%           96%         3
 Mephitic Cloud           Conj/Pois/Air  0%           96%         3
 Olgreb's Toxic Radiance  Pois           0%           100%        4
 Sticky Flame             Conj/Fire      0%           100%        4
 Fireball                 Conj/Fire      0%           100%        5


Dungeon Overview and Level Annotations

Branches:
Dungeon (11/15)            Temple (1/1) D:4            Lair (0/6) D:10
Ossuary (visited)
    Orc: D:9-12

Altars:
Ashenzari
Cheibriados
Dithmenos
Elyvilon
Fedhas
Gozag
Hepliaklqana
Kikubaaqudgha
Makhleb
Nemelex Xobeh
Okawaru
Qazlal
Ru
Sif Muna
Trog
Uskayaw
Vehumet
Wu Jian
Xom
Yredelemnul
Zin
The Shining One

Shops:
D:7 *   D:9 [   D:11 ?


Innate Abilities, Weirdness & Mutations

You thrive by killing the living.
You are immune to poison.
You have sharp fingernails.
Your flesh is cold resistant. (rC+)
You are immune to negative energy. (rN+++)
You do not regenerate when monsters are visible.
You are immune to unholy pain and torment.
You can survive without breathing.


Message History

A cyclops comes into view.
N - a dark potion The cyclops throws a large rock.
The large rock hits you!!!
A cyclops is nearby!
Something hits you.
Deactivating autopickup; reactivate with Ctrl-A.
Something hits you.
The cyclops throws a large rock.
The large rock hits you!!
You see here a large rock.
You block something's attack. Something hits you.
You barely miss something. Something hits you but does no damage.
Something hits you.
* * * LOW HITPOINT WARNING * * *
Something hits you.
* * * LOW HITPOINT WARNING * * *
You mangle something!! You claw something. Something hits you!
* * * LOW HITPOINT WARNING * * *
The cyclops throws a large rock.
The large rock hits you!!
You die...
Your body crumbles into a pile of gold.

........'.........#..... #
#######.#.........#.....
#.#######.#.........#.....
#.........#.........#....#
#.(....(..###########.....
#.....(...# ..####
#.........# ...#
#....(....# ...
#.....###@# #.....C...# $
#.........# #.........#
#.######..# #. #..# #..#
#..#


You could see a cyclops.

Vanquished Creatures
  2 two-headed ogres
  An ugly thing (D:10)
  An elephant (D:9)
  3 gargoyles
  A troll (D:10)
  2 wyverns
  10 yaks (D:11)
  2 water moccasins
  An orc warrior (D:8)
  2 sky beasts (D:9)
  3 black bears
  A necrophage (D:10)
  9 ogres
  2 centaurs
  3 phantoms
  A big kobold (D:9)
  4 bullfrogs
  A wyvern zombie (D:11)
  3 scorpions
  A wyvern skeleton (D:10)
  A water moccasin skeleton (D:5)
  10 killer bees
  2 wights (D:10)
  A howler monkey (D:6)
  3 bullfrog zombies
  2 jellies
  4 centaur zombies
  A quasit (D:9)
  5 orc priests
  5 hounds
  2 centaur skeletons
  A human zombie (Ossuary)
  2 bullfrog skeletons
  A gnoll shaman (D:8)
  Ijyb (D:5)
  6 iguanas
  11 orc wizards
  Terence (D:3)
  11 worker ants
  2 big kobold zombies (Ossuary)
  A hound zombie (D:10)
  6 mummies (Ossuary)
  A howler monkey zombie (D:5)
  5 gnolls (D:8)
  A howler monkey skeleton (D:6)
  10 adders
  2 shadow imps (D:9)
  6 white imps
  3 ufetubi (D:9)
  An adder skeleton (D:6)
  2 adder zombies
  3 worms
  12 dart slugs
  4 leopard geckos
  48 orcs
  3 ball pythons
  7 bats
  6 giant cockroaches
  5 goblins
  6 hobgoblins
  10 jackals
  7 quokkas
  3 frilled lizards
  A goblin zombie (Ossuary)
  A hobgoblin zombie (Ossuary)
  14 kobolds
  An orc zombie (Ossuary)
  11 rats
305 creatures vanquished.

Vanquished Creatures (others)
  A basilisk (D:9)
  A human (D:5)
  2 plants (D:1)
  2 withered plants (D:10)
6 creatures vanquished.

Grand Total: 311 creatures vanquished

Notes
Turn   | Place    | Note
-------+----------+-------------------------------------------
     0 | D:1      | Arum the Ghoul Gladiator began the quest for the Orb.
     0 | D:1      | Reached XP level 1. HP: 17/17 MP: 0/0
    61 | D:1      | Reached XP level 2. HP: 25/25 MP: 1/1
   302 | D:1      | Reached XP level 3. HP: 30/30 MP: 2/2
  1099 | D:2      | Reached XP level 4. HP: 38/38 MP: 3/3
  2000 | D:3      | Reached XP level 5. HP: 44/45 MP: 4/4
  2442 | D:3      | Noticed Terence
  2465 | D:3      | Killed Terence
  2466 | D:3      | Reached XP level 6. HP: 31/52 MP: 5/5
  2829 | D:3      | Reached skill level 5 in Unarmed Combat
  2985 | D:4      | Found a staircase to the Ecumenical Temple.
  2993 | Temple   | Entered the Ecumenical Temple
  3058 | Temple   | Became a worshipper of Gozag Ym Sagoz the Greedy
  3178 | D:4      | Got a pair of scorched gloves
  3179 | D:4      | Identified the +0 pair of gloves of Greater Demons {rC+}
                  | (You found it on level 4 of the Dungeon)
  3197 | D:4      | Found a sand-covered staircase.
  3206 | Ossuary  | Entered an ossuary
  3604 | Ossuary  | Reached XP level 7. HP: 47/60 MP: 6/6
  3848 | Ossuary  | Reached skill level 5 in Fighting
  4180 | D:4      | Reached skill level 5 in Dodging
  4301 | D:5      | Entered Level 5 of the Dungeon
  4368 | D:5      | Noticed Ijyb
  4378 | D:5      | Reached XP level 8. HP: 50/70 MP: 7/7
  4393 | D:5      | Killed Ijyb
  5291 | D:5      | Found an ancient bone altar of Kikubaaqudgha.
  5777 | D:6      | Found a blossoming altar of Fedhas.
  6637 | D:6      | Reached XP level 9. HP: 76/79 MP: 8/8
  7521 | D:7      | Bought a translucent brass ring for 160 gold pieces
  7522 | D:7      | Identified the ring "Jiexino" {*Corrode rElec rN+++ Str-3
                  | SInv Stlth-} (You bought it in a shop on level 7 of the
                  | Dungeon)
  7753 | D:8      | Found a radiant altar of Vehumet.
  8469 | D:9      | Found an iron altar of Okawaru.
  8613 | D:9      | Reached XP level 10. HP: 91/91 MP: 9/9
  8736 | D:9      | Found Ykoo's Antique Armour Boutique.
  8742 | D:9      | Bought a runed hat for 196 gold pieces
  8742 | D:9      | Noticed a two-headed ogre
  8754 | D:9      | Killed a two-headed ogre
  9142 | D:9      | Reached skill level 10 in Unarmed Combat
  9438 | D:10     | Entered Level 10 of the Dungeon
  9444 | D:10     | Noticed a two-headed ogre
  9561 | D:10     | Noticed an elephant
  9641 | D:9      | Killed an elephant
  9955 | D:10     | Found a staircase to the Lair.
 10027 | D:10     | Reached skill level 10 in Fighting
 10231 | D:10     | Killed a two-headed ogre
 10568 | D:10     | Reached XP level 11. HP: 85/101 MP: 10/10
 10736 | D:10     | Noticed a red ugly thing
 10741 | D:10     | Killed a red ugly thing
 11320 | D:11     | Bought a scroll of identify for 34 gold pieces
 11320 | D:11     | Bought 3 scrolls of identify for 102 gold pieces
 11320 | D:11     | Bought a scroll of identify for 34 gold pieces
 11762 | D:11     | Noticed a cyclops
 11769 | D:11     | Hit by a large rock thrown by a cyclops

Illustrated notes

Levels and vault maps discovered:
D:1:      psy_arrival_fountain, layout_rooms, serial_bayou, serial_bayou_pond_b,
          serial_bayou_pond_e, serial_bayou_crossing, serial_bayou_pond_e,
          serial_bayou_pond_b
D:2:      layout_loops_cross, corexii_shack
D:3:      layout_loops_corners, uniq_terence
D:4:      layout_gridville, minmay_temple_entry_grid,
          nicolae_ossuary_entry_ruins, minmay_joined_circles
D:5:      kennysheep_slugbush, layout_basic, tgw_kikubaaqudgha, uniq_ijyb
D:6:      layout_loops_ring, fedhas_ov_isle_minmay
D:7:      layout_basic
D:8:      layout_loops_cross, old_standard_altar, nrook_mini_backslash
D:9:      layout_stronghold, serial_shops, shop_fountains,
          okawaru_metal_pillars_1_2
D:10:     layout_cave_pools, david_lair_generic, serial_undead, serial_undead_f,
          serial_undead_e, serial_undead_c, serial_undead_c, serial_undead_f,
          serial_undead_a
D:11:     layout_stronghold, minmay_misc_feat_five
Temple:   grunt_wide_crystal_templ

Skill      XL: |  1  2  3  4  5  6  7  8  9 10 11 |
---------------+----------------------------------+-----
Dodging        | 3 4 5 6 7 9 |  9.9
Fighting       | 3 4 5 7 9 10 11 | 11.3
Unarmed Combat | 4 5 6 7 9 10 11 | 11.6
Throwing       | |  1.7

Action                   |  1- 3 |  4- 6 |  7- 9 | 10-12 || total
-------------------------+-------+-------+-------+-------++-------
Melee: Unarmed           |   141 |   203 |   493 |   239 ||  1076
       Punch             |     3 |     5 |    18 |    18 ||    44
Invok: Call Merchant     |       |       |     1 |     1 ||     2
Evoke: Wand              |       |       |       |    12 ||    12
  Use: Scroll            |       |     5 |    13 |     7 ||    25
 Stab: Distracted        |       |       |       |     2 ||     2
Armor: Leather armour    |     1 |       |       |       ||     1
       Ring mail         |    79 |    51 |   121 |    75 ||   326
Dodge: Dodged            |   109 |    78 |   252 |   115 ||   554
Block: Other             |       |       |       |    43 ||    43
